 Dungeon Crawl Stone Soup version 0.28-a0-1518-gbe868bca14 (webtiles) character file.

Game seed: 11716771535359035452

6234 buddhastalin the Cleaver (level 10, -7/136 HPs)
             Began as a Yellow Draconian Berserker on Jan 16, 2022.
             Was an Elder of Trog.
             Mangled by an orc knight (20 damage)
             ... in a bailey.
             The game lasted 00:20:24 (12452 turns).

buddhastalin the Cleaver (DrBe)                    Turns: 12452, Time: 00:20:24

Health: -7/136     AC: 10    Str: 23    XL:     10   Next: 62%
Magic:  10/10      EV: 14    Int: 15    God:    Trog [****..]
Gold:   494        SH:  0    Dex: 10    Spells: 9/9 levels left

rFire   . . .      SeeInvis +   a - +1 battleaxe (elec)
rCold   . . .      Faith    .   (shield currently unavailable)
rNeg    . . .      Spirit   .   (armour unavailable)
rPois   .          Reflect  .   (helmet restricted)
rElec   .          Harm     .   h - +1 cloak
rCorr   +          Rampage  .   j - +0 pair of gloves
Will    .....                   (no boots)
Stlth   ..........              (no amulet)
HPRegen 0.32/turn               C - ring of see invisible
MPRegen 0.12/turn               t - +6 ring of intelligence

@: berserking, very quick
A: spit acid, AC +7, unfitting armour, cold-blooded, acid resistance
a: Breathe Acid, Renounce Religion, Berserk, Trog's Hand, Brothers in Arms


You were in a bailey.
You worshipped Trog.
Trog was greatly pleased with you.
You visited 1 branch of the dungeon, and saw 9 of its levels.
You also visited: Ossuary and Bailey.

You collected 494 gold pieces.

Inventory:

Hand Weapons
 a - a +1 battleaxe of electrocution (weapon)
Missiles
 k - a throwing net
 l - 7 poisoned darts (quivered)
 y - a curare-tipped dart
Armour
 h - a +1 cloak (worn)
 j - a +0 pair of gloves (worn)
 v - an orb of light
Jewellery
 t - a +6 ring of intelligence (right hand)
 C - a ring of see invisible (left hand)
Wands
 q - a wand of paralysis (6)
 r - a wand of iceblast (8)
 u - a wand of acid (7)
Scrolls
 d - a scroll of enchant armour
 e - a scroll of enchant weapon
 i - a scroll of identify
 o - 3 scrolls of fear
 p - 3 scrolls of teleportation
 x - 2 scrolls of blinking
Potions
 b - 2 potions of ambrosia
 c - 4 potions of might
 f - a potion of haste {unknown}
 g - a potion of heal wounds
 m - 7 potions of curing
 n - 2 potions of invisibility {unknown}
 s - 3 potions of resistance
 w - 2 potions of mutation {unknown}
 z - a potion of berserk rage {unknown}
 A - 2 potions of attraction {unknown}
 B - a potion of lignification {unknown}


   Skills:
 + Level 9.5 Fighting
 * Level 11.8 Axes
 + Level 7.9 Dodging


You had 9 spell levels left.
You didn't know any spells.
Your spell library was empty.

Dungeon Overview and Level Annotations

Branches:
Dungeon (9/15)             Temple (0/1) D:6            Lair (0/6) D:8
    Orc (0/2) D:9         Ossuary (visited)          Bailey (1/1)

Altars:
Fedhas
Wu Jian
Yredelemnul
Zin


Innate Abilities, Weirdness & Mutations

You can spit globs of acid.
Your golden yellow scales are hard. (AC +7)
You cannot fit into any form of body armour.
You are cold-blooded and may be slowed by cold attacks.
You are resistant to acid. (rCorr)


Message History

The orc warrior hits you with a +0 halberd!
The orc warrior hits you from afar with a +0 halberd!
The orc warrior misses you.
You barely miss the orc warrior.
You tail-slap the orc warrior, but do no damage.
The orc warrior hits you from afar with a +0 halberd!!
The orc warrior misses you.
You hear a shout!
You are too injured to fight recklessly!
You are too injured to fight recklessly!
A red film seems to cover your vision as you go berserk!
You feel yourself moving faster!
You feel mighty!
The orc warrior hits you with a +0 trident.
The orc warrior hits you from afar with a +0 halberd!!
* * * LOW HITPOINT WARNING * * *
An orc knight comes into view. It is wielding a +0 glaive.
You slash the orc warrior!
The orc warrior is heavily wounded.
The orc warrior closely misses you.
The orc warrior hits you from afar with a +0 halberd.
* * * LOW HITPOINT WARNING * * *
You barely miss the orc warrior.
Your tail-slap misses the orc warrior.
The orc warrior is heavily wounded.
The orc knight roars a battlecry!
The orc warriors go into a battle-frenzy!
You hit the orc warrior.
The orc warrior is heavily wounded.
The orc warrior completely misses you. The orc warrior misses you.
You hit the orc warrior.
Your tail-slap misses the orc warrior.
The orc warrior is severely wounded.
The orc warrior hits you with a +0 trident!
* * * LOW HITPOINT WARNING * * *
The orc warrior barely misses you.
You slash the orc warrior!
Lightning courses through the orc warrior!
You kill the orc warrior!
Trog accepts your kill. The orc warrior completely misses you.
The orc knight hits you with a +0 glaive!!
You die...

####### ♣≈≈≈≈≈♣♣
♣♣≈≈≈≈≈.♣# ####.
♣≈≈≈≈≈...#
######.$#..♣≈≈≈≈..♣.##
.......#...≈≈≈≈.....##
....##.♣.≈≈≈≈..♣....
#oo#....≈≈≈≈.......
#8@#...######......
#..#.........).....
#..'.......).......
#.)'...............
#..#...............
#8)#...######......
#).#....≈≈≈≈..♣....
o........##...≈≈≈≈..♣♣...
..........#...≈≈≈≈.....##


You could see an orc knight and an orc warrior (strong).

Vanquished Creatures
  2 centaur zombies
  Maggie (D:7)
  An unseen horror (D:9)
  Prince Ribbit (D:8)
  9 yaks
  A steam dragon (D:7)
  2 wargs (D:8)
  Menkaure (D:4)
  2 water moccasins
  5 orc warriors
  A sky beast (D:7)
  2 ice beasts (D:6)
  A black bear (D:4)
  A necrophage (D:6)
  2 ogres
  A centaur (D:8)
  2 kobold brigands
  An elf zombie (Ossuary)
  3 bullfrogs
  A scorpion (D:6)
  3 gnoll sergeants
  A water moccasin skeleton (D:5)
  8 wights
  A jelly (D:8)
  A howler monkey (D:6)
  A centaur skeleton (D:4)
  Crazy Yiuf (D:5)
  5 orc priests
  3 iguanas
  5 orc wizards
  A killer bee zombie (D:8)
  A hound zombie (Ossuary)
  A hound skeleton (D:5)
  4 mummies (Ossuary)
  A howler monkey zombie (D:7)
  16 gnolls
  A howler monkey skeleton (D:6)
  5 adders
  A shadow imp (D:6)
  2 white imps
  4 adder zombies (Ossuary)
  4 dart slugs
  28 orcs
  5 bats
  5 endoplasms
  2 giant cockroaches
  A gnoll zombie (Ossuary)
  7 goblins
  6 hobgoblins
  6 jackals (D:1)
  3 quokkas
  3 ball pythons
  4 frilled lizards
  2 hobgoblin zombies (Ossuary)
  A jackal zombie (Ossuary)
  15 kobolds
  A kobold zombie (Ossuary)
  6 rats
  A rat zombie (Ossuary)
206 creatures vanquished.

Vanquished Creatures (others)
  A plant (D:9)
1 creature vanquished.

Grand Total: 207 creatures vanquished

Notes
Turn   | Place    | Note
-------+----------+-------------------------------------------
     0 | D:1      | buddhastalin the Draconian Berserker began the quest for
                  | the Orb.
     0 | D:1      | Reached XP level 1. HP: 19/19 MP: 1/1
   338 | D:1      | Reached XP level 2. HP: 25/26 MP: 2/2
  1389 | D:2      | Reached XP level 3. HP: 30/31 MP: 3/3
  1759 | D:2      | Found a basalt altar of Yredelemnul.
  1823 | D:2      | Reached skill level 4 in Axes
  1993 | D:2      | Reached ** piety under Trog
  2334 | D:3      | Reached XP level 4. HP: 31/40 MP: 4/4
  2603 | D:3      | Found a faded altar of an unknown god.
  3087 | D:4      | Reached XP level 5. HP: 26/46 MP: 5/5
  3158 | D:4      | Found an ornate altar of the Wu Jian Council.
  3159 | D:4      | Noticed a black bear
  3170 | D:4      | Killed a black bear
  3171 | D:4      | Reached skill level 5 in Axes
  3171 | D:4      | Reached XP level 6. HP: 28/53 MP: 6/6
  3391 | D:4      | Noticed a water moccasin
  3513 | D:4      | Noticed Menkaure
  3514 | D:4      | Found a sand-covered staircase.
  3522 | D:4      | Killed Menkaure
  3523 | D:4      | Reached skill level 5 in Fighting
  3527 | Ossuary  | Entered an ossuary
  3543 | Ossuary  | Reached skill level 6 in Axes
  3560 | Ossuary  | Your scales start taking on a golden yellow colour.
  3560 | Ossuary  | Reached XP level 7. HP: 23/61 MP: 7/7
  3560 | Ossuary  | Gained mutation: You are resistant to acid. (rCorr) [Yellow
                  | Draconian growth]
  4640 | D:5      | Entered Level 5 of the Dungeon
  4869 | D:5      | Found a glowing silver altar of Zin.
  5541 | D:5      | Found a runed translucent door.
  5542 | D:5      | Noticed Crazy Yiuf
  5854 | D:5      | Killed Crazy Yiuf
  5992 | D:6      | Reached skill level 7 in Axes
  6050 | D:6      | Reached skill level 5 in Dodging
  6050 | D:6      | Reached XP level 8. HP: 63/70 MP: 8/8
  6327 | D:6      | Reached *** piety under Trog
  6635 | D:6      | Reached skill level 8 in Axes
  7075 | D:6      | Found a staircase to the Ecumenical Temple.
  7623 | D:7      | Reached skill level 9 in Axes
  7623 | D:7      | Reached XP level 9. HP: 19/79 MP: 9/9
  9284 | D:7      | Reached skill level 10 in Axes
 10005 | D:7      | Noticed Maggie
 10020 | D:7      | Killed Maggie
 10512 | D:8      | Noticed Prince Ribbit
 10541 | D:8      | Killed Prince Ribbit
 10542 | D:8      | Reached XP level 10. HP: 8/90 MP: 10/10
 10698 | D:8      | Reached skill level 11 in Axes
 11752 | D:8      | Found a staircase to the Lair.
 12053 | D:9      | Reached **** piety under Trog
 12080 | D:9      | Found a blossoming altar of Fedhas.
 12303 | D:9      | Found a flagged portal.
 12318 | Bailey   | Entered a bailey
 12446 | Bailey   | Noticed an orc knight
 12452 | Bailey   | Mangled by an orc knight

Illustrated notes

Levels and vault maps discovered:
D:1:      dpeg_arrival_rooms_b, layout_basic
D:2:      layout_loops_ring, basic_altar, item_on_display_a
D:3:      layout_basic, ebering_ecumenical_altar_mist
D:4:      layout_basic, nicolae_wu_jian_glorious_leap,
          nicolae_ossuary_entry_ruins, lightli_corner_chamber, uniq_menkaure
D:5:      layout_basic, zin_statuary, uniq_crazy_yiuf_cottage
D:6:      layout_loops_ring, minmay_temple_entry_mini_moons
D:7:      layout_basic, hangedman_decor_peaks_small, uniq_maggie
D:8:      layout_gridville, erik_lair_orcish_takeover, nrook_pool_corridor,
          uniq_prince_ribbit1
D:9:      layout_rooms, mainiacjoe_overflow_tiny_flanked, orc_0_dummy,
          enter_bailey_3
Bailey:   bailey_polearm_elven_captive_hellmonk, bailey

Skill      XL: |  1  2  3  4  5  6  7  8  9 10 |
---------------+-------------------------------+-----
Dodging        | 3 4 5 6 7 |  7.9
Axes           | 4 5 6 7 9 10 11 | 11.8
Fighting       | 4 5 6 7 8 9 |  9.5

Action                   |  1- 3 |  4- 6 |  7- 9 | 10-12 || total
-------------------------+-------+-------+-------+-------++-------
Melee: Hand axe          |   132 |   145 |   473 |    39 ||   789
       Tailslap          |    17 |    26 |    73 |    13 ||   129
       Punch             |     2 |     1 |     9 |       ||    12
       Battleaxe         |       |       |       |    78 ||    78
Throw: Dart              |       |       |     1 |       ||     1
Invok: Trog's Hand       |       |     3 |     2 |     1 ||     6
       Berserk           |       |     2 |     8 |     1 ||    11
 Abil: Breathe Acid      |       |       |     4 |       ||     4
  Use: Scroll            |       |     6 |     7 |     4 ||    17
       Potion            |       |     1 |       |     1 ||     2
 Stab: Sleeping          |     2 |       |       |       ||     2
Armor: Skin              |    56 |    88 |   132 |    30 ||   306
Dodge: Dodged            |    88 |   145 |   236 |    86 ||   555

Table legend: (Time is in decaauts)
 A = Elapsed time spent in this place.
 B = Non-inter-level travel time spent in this place.
 C = Inter-level travel time spent in this place.
 D = Time resting spent in this place.
 E = Time spent auto-exploring this place.
 F = Levels seen in this place.
 G = Mean time per level.
                   A        B        C        D        E       F      G
               +--------+--------+--------+--------+--------+-----+--------+
         Total |  12534 |  12110 |    424 |   5339 |   4731 |  11 | 1139.5 |
       Dungeon |  11805 |  11381 |    424 |   4975 |   4535 |   9 | 1311.7 |
       Ossuary |    594 |    594 |      0 |    353 |    131 |   1 |  594.0 |
        Bailey |    134 |    134 |      0 |     11 |     65 |   1 |  134.0 |
               +--------+--------+--------+--------+--------+-----+--------+

Top non-repeatable levels by time:
     D:7: 2486 daAuts
     D:5: 2087 daAuts
     D:8: 1561 daAuts
     D:1: 1388 daAuts
     D:6: 1287 daAuts
     D:4: 1066 daAuts
     D:3: 932 daAuts
     D:2: 711 daAuts
 Ossuary: 594 daAuts
     D:9: 283 daAuts
  Bailey: 134 daAuts
